 Dungeon Crawl Stone Soup version 0.19-a0-1786-g230130f (webtiles) character file.

837 kae the Carver (level 7, -1/45 HPs)
             Began as a High Elf Skald on Oct 3, 2016.
             Slain by Prince Ribbit (15 damage)
             ... on level 4 of the Dungeon.
             The game lasted 00:10:01 (6733 turns).

kae the Carver (High Elf Skald)                     Turns: 6733, Time: 00:10:02

Health: -1/45      AC:  6    Str: 13    XL:     7   Next: 66%
Magic:  11/11      EV:  8    Int: 16    God:
Gold:   184        SH:  7    Dex: 15    Spells: 1 memorised, 9 levels left

rFire  . . .     SeeInvis .     a - +0 falchion
rCold  . . .     Gourm    .     b - +1 leather armour
rNeg   . . .     Faith    .     v - +0 shield
rPois  +         Spirit   .     (no helmet)
rElec  .         Dismiss  .     g - +0 cloak
rCorr  .         Reflect  .     l - +0 pair of gloves
MR     .....     Harm     .     (no boots)
Stlth  ++........               (no amulet)
                                s - ring of poison resistance
                                h - ring of stealth

@: no status effects
A: no striking features
a: no special abilities


You were on level 4 of the Dungeon.
You were very hungry.

You visited 2 branches of the dungeon, and saw 6 of its levels.

You collected 184 gold pieces.

Inventory:

Hand Weapons
 a - a +0 falchion (weapon)
Armour
 b - a +1 leather armour (worn)
 g - a +0 cloak (worn)
 l - a +0 pair of gloves (worn)
 v - a +0 shield (worn)
Jewellery
 h - a ring of stealth (left hand)
 j - an uncursed ring of fire
 p - an uncursed ring of stealth
 s - a ring of poison resistance (right hand)
Scrolls
 i - 2 scrolls of enchant armour
 n - 4 scrolls of amnesia
 q - 2 scrolls of remove curse
 u - a scroll of teleportation
 w - a scroll of noise
 y - a scroll of fog
Potions
 e - 3 potions of flight
 f - 2 potions of agility
 m - 3 potions of lignification
 o - a potion of invisibility {unknown}
 r - 3 potions of curing
 t - a potion of berserk rage {unknown}
Books
 c - a book of Battle

   Spells                             Type                      Level
   a - Infusion                       Charms                       1
   b - Shroud of Golubria             Charms/Translocation         2
   c - Song of Slaying                Charms                       2
   d - Spectral Weapon                Hexes/Charms                 3
   e - Regeneration                   Charms/Necromancy            3
Comestibles
 d - 3 bread rations
 k - a meat ration


   Skills:
 - Level 2.0 Fighting
 + Level 10.5 Long Blades
 - Level 0.8 Armour
 - Level 1.1 Dodging
 - Level 2.4 Spellcasting
 - Level 3.6 Charms


You had 9 spell levels left.
You knew the following spells:

 Your Spells              Type           Power        Failure   Level  Hunger
a - Infusion              Chrm           ##..         43%         1    #......


Dungeon Overview and Level Annotations

Branches:
Dungeon (5/15)             Temple (1/1) D:4

Altars:
Ashenzari
Cheibriados
Dithmenos
Elyvilon
Gozag
Hepliaklqana
Makhleb
Nemelex Xobeh
Qazlal
Uskayaw
Vehumet
Xom
Zin

Annotations:
D:4 Prince Ribbit; p0werm0de's ghost, novice DEFE
D:5 Eustachio; Ruebezahl's ghost, novice DECj


Message History

The magic dart hits you!
Prince Ribbit croaks.
You block Prince Ribbit's attack. Prince Ribbit hits you!
There is a stone staircase leading up here.
Prince Ribbit hits you! Prince Ribbit hits you.
* * * LOW HITPOINT WARNING * * *
The frilled lizard hisses angrily.
You climb upwards.
Level annotation: p0werm0de's ghost, novice DEFE
There is a stone staircase leading down here.
Unknown command.
Unknown command.
Unknown command.
Prince Ribbit hits you but does no damage.
Prince Ribbit blinks!
There is a stone staircase leading down here.
Prince Ribbit croaks regally.
Prince Ribbit hits you!
You die...

###...###.###....###...##.#
##.l.#.# #.##..####.....##.#
####..###.###....####.....###.#
.....###......##.#....##.## #.#
###.........####......##.# #.#
.....###....###.....####.# #.#
.).......##..##..#### #)# #.#
##.#.#.........F.#### #.# #.#
...#..#.#..#####@...####.# #.#
.####........###.##..##..# #.#
.###.....###<.....##..#.#####.#
......##........#.............#
............#).######.#.####..#
........###..#.W<.###...# ##.#
######### ##.####.....### ### #
#.......##.# # #######....#


You could see Prince Ribbit.

Vanquished Creatures
  An ice beast (D:5)
  An ogre (D:4)
  2 scorpions
  A howler monkey (D:5)
  A crimson imp (D:5)
  A hound (D:4)
  A bullfrog skeleton (D:5)
  2 jellies (D:4)
  Crazy Yiuf (D:3)
  A centaur skeleton (D:4)
  Jessica (D:2)
  Terence (D:2)
  Natasha (D:2)
  3 gnolls (D:4)
  6 adders
  An ooze (D:1)
  2 adder skeletons (D:4)
  An adder zombie (D:5)
  2 dart slugs
  4 leopard geckos
  6 orcs
  10 giant cockroaches
  8 goblins
  6 hobgoblins
  3 iguanas
  4 jackals (D:2)
  6 kobolds
  3 quokkas
  A ball python (D:3)
  2 bats (D:2)
  8 frilled lizards
  6 rats
97 creatures vanquished.

Notes
Turn   | Place    | Note
-------+----------+-------------------------------------------
     0 | D:1      | kae the High Elf Skald began the quest for the Orb.
     0 | D:1      | Reached XP level 1. HP: 14/14 MP: 4/4
   298 | D:1      | Reached skill level 3 in Long Blades
   298 | D:1      | Reached XP level 2. HP: 5/19 MP: 0/6
   885 | D:1      | Reached skill level 4 in Long Blades
  1157 | D:2      | Reached XP level 3. HP: 21/24 MP: 3/7
  1211 | D:2      | Noticed an angel
  1211 | D:2      | Found a shimmering altar of Xom.
  1211 | D:2      | Found a glowing silver altar of Zin.
  1219 | D:2      | Noticed Terence
  1255 | D:2      | Killed Terence
  1255 | D:2      | Reached skill level 5 in Long Blades
  1516 | D:2      | Reached XP level 4. HP: 26/29 MP: 4/8
  2115 | D:2      | Noticed Natasha
  2121 | D:2      | Killed Natasha
  2121 | D:2      | Reached skill level 6 in Long Blades
  2202 | D:2      | Noticed Jessica
  2219 | D:2      | Killed Jessica
  2219 | D:2      | Reached XP level 5. HP: 32/34 MP: 4/9
  2572 | D:3      | Found a runed door.
  3027 | D:3      | Noticed Crazy Yiuf
  3037 | D:3      | Killed Crazy Yiuf
  3037 | D:3      | Reached skill level 7 in Long Blades
  3467 | D:4      | Noticed p0werm0de's ghost (novice DEFE)
  3604 | D:4      | Noticed an ogre
  3653 | D:4      | Killed an ogre
  3653 | D:4      | Reached skill level 8 in Long Blades
  3653 | D:4      | Reached XP level 6. HP: 17/39 MP: 2/10
  3902 | D:4      | Found a staircase to the Ecumenical Temple.
  3922 | Temple   | Entered the Ecumenical Temple
  4736 | D:4      | Reached skill level 9 in Long Blades
  4904 | D:4      | Found a shimmering altar of Xom.
  4960 | D:5      | Entered Level 5 of the Dungeon
  4966 | D:5      | Reached XP level 7. HP: 38/45 MP: 11/11
  4973 | D:5      | Noticed Eustachio
  4974 | D:5      | Noticed Prince Ribbit
  6122 | D:5      | Noticed Ruebezahl's ghost (novice DECj)
  6166 | D:5      | Reached skill level 10 in Long Blades
  6705 | D:5      | Found a shattered altar of Ashenzari.
  6733 | D:4      | Slain by Prince Ribbit

Vault maps used:
D:1:      erik_arrival_triangle_small
D:2:      grunt_temple_overflow_order_and_chaos_1, first_bread, uniq_natasha,
          uniq_terence, uniq_jessica
D:3:      uniq_crazy_yiuf_cottage
D:4:      dk_xom_monty_hall
D:5:      okawaru_altar_gauntlet_db, cheibrodos_ashenzari_chains, led_sif_book,
          uniq_eustachio, uniq_prince_ribbit1
Temple:   eino_temple_lava

Skill      XL: |  1  2  3  4  5  6  7 |
---------------+----------------------+-----
Long Blades    | 3 4 5 6 8 9 10 | 10.5
Fighting       | |  2.0
Armour         | |  0.8
Dodging        | |  1.1
Spellcasting   | |  2.4
Charms         | |  3.6

Action                   |  1- 3 |  4- 6 |  7- 9 || total
-------------------------+-------+-------+-------++-------
Melee: Falchion          |    83 |   191 |   104 ||   378
 Cast: Infusion          |     9 |    13 |     9 ||    31
  Use: Scroll            |     5 |     4 |     4 ||    13
       Potion            |     1 |     1 |     1 ||     3
 Stab: Sleeping          |     3 |     4 |     2 ||     9
       Distracted        |       |     1 |       ||     1
  Eat: Chunk             |     2 |     9 |     2 ||    13
       Meat ration       |       |     1 |       ||     1
Armor: Leather armour    |    19 |    42 |    40 ||   101
Dodge: Dodged            |    51 |   104 |    45 ||   200
Block: Shield            |       |    11 |    45 ||    56
       Rpst.: Falchion   |    18 |    37 |    11 ||    66
